 Dungeon Crawl Stone Soup version 0.31-a0-940-gdaa99269f9 (webtiles) character file.

Game seed: 321050188255559793

172 retardedninja the Firebug (level 5, -10/30 HPs)
             Began as a Gargoyle Fire Elementalist on Oct 20, 2023.
             Was an Initiate of Vehumet.
             Mangled by a gnoll
             ... wielding a +0 heavy halberd
              (22 damage)
             ... on level 4 of the Dungeon.
             The game lasted 00:04:28 (3757 turns).

retardedninja the Firebug (GrFE)                    Turns: 3757, Time: 00:04:29

Health: -10/30     AC:  6    Str: 11    XL:     5   Next: 52%
Magic:  1/9        EV: 11    Int: 18    God:    Vehumet [......]
Gold:   197        SH:  0    Dex: 10    Spells: 6/9 levels left

rFire   . . .        p - +0 spear
rCold   . . .        (no shield)
rNeg    + . .        n - +0 robe
rPois   ∞            (no helmet)
rElec   +            (no cloak)
rCorr   .            (no gloves)
SInv    .            (no boots)
Will    .....        i - amulet of regeneration
Stlth   ++           (no ring)
HPRegen 1.05/turn    (no ring)
MPRegen 0.11/turn

%: no passive effects
@: very slightly contaminated
A: sickness immunity, AC +4, negative energy resistance 1, electricity
resistance, torment resistance 1, petrification resistance
a: Renounce Religion


You were on level 4 of the Dungeon.
You worshipped Vehumet.
Vehumet was noncommittal.
You visited 1 branch of the dungeon, and saw 4 of its levels.

You collected 197 gold pieces.

Inventory:

Hand Weapons
 p - a +0 spear (weapon)
Armour
 n - a +0 robe (worn)
Jewellery
 i - an amulet of regeneration (around neck)
 q - a +6 ring of strength
Talismans
 d - a blade talisman
Wands
 k - a wand of roots (4)
Scrolls
 a - a scroll of summoning {unknown}
 e - a scroll of identify {unknown}
 f - 2 scrolls of poison {unknown}
 g - a scroll of revelation {unknown}
 o - 2 scrolls of amnesia {unknown}
Potions
 b - a potion of heal wounds {unknown}
 c - a potion of enlightenment {unknown}
 h - a potion of lignification {unknown}
 j - a potion of might {unknown}
 l - 2 potions of curing {unknown}
 m - 2 potions of degeneration {unknown}


   Skills:
 + Level 2.2 Fighting
 - Level 1.5 Dodging
 - Level 2.1 Stealth
 + Level 2.8 Spellcasting
 + Level 2.6 Conjurations
 + Level 3.8 Fire Magic
 + Level 1.6 Air Magic


You had 6 spell levels left.
You knew the following spells:

 Your Spells              Type           Power      Damage    Failure   Level
a - Foxfire               Conj/Fire      56%        2x1d6     4%          1
b - Scorch                Fire           32%        2d6       5%          2

Your spell library contained the following spells:

 Spells                   Type           Power      Damage    Failure   Level
 Summon Small Mammal      Summ           8%         N/A       17%         1
 Inner Flame              Hex/Fire       9%         N/A       22%         3
 Volatile Blastmotes      Fire/Tloc      18%        2d11      22%         3
 Ignite Poison            Fire/Tmut/Pois 7%         N/A       30%         3
 Flame Wave               Conj/Fire      14%        2d6       41%         4
 Freezing Cloud           Conj/Ice/Air   3%         6-21      95%         5
 Cigotuvi's Dreadful Rot  Necr/Pois/Air  Unusable   N/A       N/A         2

Dungeon Overview and Level Annotations

Branches:
Dungeon (4/15)
 Temple: D:4-7

Altars:
Vehumet


Innate Abilities, Weirdness & Mutations

You are immune to sickness and miasma.
Your stone body is resilient. (AC +4)
You are immune to poison.
You resist negative energy. (rN+)
You are resistant to electric shocks. (rElec)
You are resistant to unholy torment.
You are immune to petrification.


Message History

Your magical contamination has completely faded away.
You see here a +0 club.
Casting: Foxfire (safe; 4% risk of failure)
Press: ? - help, Q - select action, (/) - cycle Dir - look around, f - activate You conjure some foxfire!
The foxfire hits the gnoll.
The gnoll is lightly wounded.
The foxfire hits the gnoll but does no damage.
The gnoll is lightly wounded.
Casting: Foxfire (safe; 4% risk of failure)
Press: ? - help, Q - select action, (/) - cycle Dir - look around, f - activate You miscast Foxfire.
You are very lightly contaminated with residual magic.
Nothing appears to happen.
The gnoll hits you from afar with a +0 heavy halberd.
The gnoll misses you.
You barely miss the gnoll.
The gnoll is lightly wounded.
The gnoll closely misses you.
You barely miss the gnoll.
The gnoll is lightly wounded.
Casting: Foxfire (safe; 4% risk of failure)
Press: ? - help, Q - select action, (/) - cycle Dir - look around, f - activate You miscast Foxfire.
Nothing appears to happen.
The gnoll hits you with a +0 heavy halberd!
The gnoll closely misses you.
You hit the gnoll.
The gnoll is heavily wounded.
You completely miss the gnoll.
The gnoll is heavily wounded.
The gnoll closely misses you.
You closely miss the gnoll.
The gnoll is heavily wounded.
The gnoll hits you with a +0 heavy halberd!
Ouch! That really hurt!
You barely miss the gnoll.
The gnoll is heavily wounded.
The gnoll hits you with a +0 heavy halberd!!
Ouch! That really hurt!
You die...

#............# #.#
#............# #.#
#............# #.#
######.####### #.# #.#
######.# #.# #......#
######.######### #.######
.).........)...###.#
##############.g@..########
...........)........
###########.........
#.....#### #<.......)
#.#.##..## #...# #.# #####
#


You could see a gnoll.

Vanquished Creatures
  An orc priest (D:3)
  A hound (D:4)
  3 adders
  2 gnolls (D:4)
  A worm (D:3)
  3 orcs (D:3)
  7 endoplasms
  9 goblins
  4 hobgoblins
  4 jackals (D:1)
  4 quokkas
  4 ball pythons
  3 bats
  2 frilled lizards (D:1)
  9 kobolds
  2 rats
59 creatures vanquished.

Vanquished Creatures (collateral kills)
  A foxfire (D:1)
1 creature vanquished.

Vanquished Creatures (others)
  225 foxfires
225 creatures vanquished.

Grand Total: 285 creatures vanquished

Notes
Turn   | Place    | Note
-------+----------+-------------------------------------------
     0 | D:1      | retardedninja the Gargoyle Fire Elementalist began the
                  | quest for the Orb.
     0 | D:1      | Reached XP level 1. HP: 10/10 MP: 3/3
   152 | D:1      | Reached XP level 2. HP: 15/16 MP: 0/5
   869 | D:1      | Found a faded altar of an unknown god.
   908 | D:1      | Got Plato's Secrets of Convocation
  1009 | D:1      | Learned a level 2 spell: Scorch
  1482 | D:2      | Reached skill level 1 in Fighting
  1545 | D:2      | Reached XP level 3. HP: 20/20 MP: 2/6
  2257 | D:3      | Reached skill level 1 in Air Magic
  2257 | D:3      | Reached XP level 4. HP: 25/25 MP: 1/7
  3026 | D:3      | Found a radiant altar of Vehumet.
  3036 | D:3      | Became a worshipper of Vehumet
  3489 | D:4      | Reached XP level 5. HP: 30/30 MP: 3/9
  3757 | D:4      | Mangled by a gnoll

Illustrated notes

Levels and vault maps discovered:
D:1:      amcnicky_arrival_blooded_trapdoor, layout_loops_corners,
          shapermc_ecumenical_altar_rom_forum
D:2:      layout_rooms
D:3:      layout_basic, nicolae_vehumet_altar_sigil
D:4:      minmay_recursive_quarters, layout_basic, cheibrodos_ashenzari_chains,
          minmay_temple_entry_enclosed_plants, serial_shops, shop

Skill      XL: |  1  2  3  4 |
---------------+-------------+-----
Fighting       | 1 2 |  2.2
Air Magic      | 1 |  1.6
Conjurations   | 2 |  2.6
Dodging        | |  1.5
Stealth        | |  2.1
Spellcasting   | |  2.8
Fire Magic     | |  3.8

Action                     |  1- 3 |  4- 6 || total
---------------------------+-------+-------++-------
  Melee: Unarmed           |    12 |     5 ||    17
         Spear             |       |     6 ||     6
   Cast: Foxfire           |    91 |    52 ||   143
         Scorch            |       |     7 ||     7
  Evoke: Wand              |       |     1 ||     1
    Use: Potion            |       |     1 ||     1
 Armour: Robe              |    26 |    16 ||    42
  Dodge: Dodged            |    19 |     8 ||    27

Table legend: (Time is in decaauts)
 A = Elapsed time spent in this place.
 B = Non-inter-level travel time spent in this place.
 C = Inter-level travel time spent in this place.
 D = Time resting spent in this place.
 E = Time spent auto-exploring this place.
 F = Levels seen in this place.
 G = Mean time per level.
                   A        B        C        D        E       F      G
               +--------+--------+--------+--------+--------+-----+--------+
         Total |   3755 |   3674 |     81 |     38 |   3067 |   4 |  938.8 |
       Dungeon |   3755 |   3674 |     81 |     38 |   3067 |   4 |  938.8 |
               +--------+--------+--------+--------+--------+-----+--------+

Top non-repeatable levels by time:
     D:1: 1410 daAuts
     D:3: 1320 daAuts
     D:2: 748 daAuts
     D:4: 276 daAuts
